 Dungeon Crawl Stone Soup version 0.32-a0-732-ga344392067 (webtiles) character file.

Game seed: 7712422197360498735

2 gimp the Trooper (level 1, 0/18 HPs)
             Began as an Armataur Monk on Mar 17, 2024.
             Slain by a hobgoblin (4 damage)
             ... on level 1 of the Dungeon.
             The game lasted 00:00:16 (56 turns).

gimp the Trooper (Armataur Monk)                      Turns: 56, Time: 00:00:17

Health: 0/18       AC:  4    Str: 16    XL:     1   Next: 25%
Magic:  1/1        EV:  9    Int: 10    God:
Gold:   14         SH:  0    Dex: 12    Spells: 0/0 levels left

rFire   . . .        a - +0 mace
rCold   . . .        d - orb {light}
rNeg    . . .        b - +0 robe
rPois   .            (no helmet)
rElec   .            (no cloak)
rCorr   .            (no gloves)
SInv    .            (no barding)
Will    .....        (no amulet)
Stlth   +            (no ring)
HPRegen 0.23/turn    (no ring)
MPRegen 0.40/turn

%: roll
@: glowing
A: large, deformed body, tough skin 3, armoured tail, rollpage 1
a: no special abilities


You were on level 1 of the Dungeon.
You visited 1 branch of the dungeon, and saw 1 of its levels.

You collected 14 gold pieces.

Inventory:

Hand Weapons
 a - a +0 mace (weapon)
Armour
 b - a +0 robe (worn)
 d - an orb of light (worn)
Potions
 c - a potion of ambrosia


   Skills:
 + Level 2.7 Fighting
 * Level 2.7 Maces & Flails
 - Level 2.2 Dodging


You couldn't memorise any spells.
You didn't know any spells.
Your spell library was empty.

Dungeon Overview and Level Annotations

Branches:
Dungeon (1/15)

Altars:


Innate Abilities, Weirdness & Mutations

Armour fits poorly on your strangely shaped body.
You have extremely tough skin. (AC +3)
You have a long armoured tail.
You regenerate magic when rolling toward enemies. (Rampage MPRegen)


Message History

Welcome, gimp the Armataur Monk.
The breathtaking Orb of Zot lies far below, as if waiting for you to find it.
Press ? for a list of commands and other information.
Found a ring mail and 3 stones.
Found a staircase leading out of the dungeon.
Unknown command.
You see here 3 stones.
A bat comes into view.
You roll towards the bat!
The bat hits you. The bat misses you.
You take 1 damage, and have 17/18 hp.
You sock the bat!
You kill the bat!
Health restored: 18 No target in view!
No target in view!
You see here a bat corpse.
Okay, then.
Unknown command.
Unknown command.
Unknown command.
Found 5 stones.
A quokka comes into view.
A quokka is nearby!
You barely miss the quokka. You tail-slap the quokka.
You kill the quokka!
No target in view!
No target in view!
You now have 14 gold pieces.
A kobold comes into view.
It is wielding a +1 dagger of electrocution.
Found a trident.
Found a stone staircase leading down.
A kobold is nearby!
A hobgoblin comes into view.
Found a scroll labelled XAOSSU OSHINE.
You roll towards the kobold!
You barely miss the kobold.
The kobold hits you with a +1 dagger of electrocution.
You take 3 damage, and have 15/18 hp.
You hit the kobold.
The kobold is moderately wounded.
The kobold barely misses you. The hobgoblin barely misses you.
The kobold hits you but does no damage.
You are electrocuted!
Ouch! That really hurt!
* * * LOW HITPOINT WARNING * * *
You take 12 damage, and have 3/18 hp.
MASSIVE DAMAGE!!
You are too injured to fight recklessly!
You are too injured to fight recklessly!
You barely miss the hobgoblin. The kobold hits you but does no damage.
The hobgoblin barely misses you.
You hit the hobgoblin.
The hobgoblin is severely wounded.
The kobold barely misses you. The hobgoblin hits you.
You die...

#......... ........)#
...... .........# ......
.........### #......
..........###......
..#.#.....#.........
.?....g?..+......#
.>#.K@..#....#.####
..................... .
..#.#..##......#######..
# #.. #..(##..........
....##...............
......................
......................#
....#.................#
#...........###...#


You could see a hobgoblin and a kobold.

Vanquished Creatures
  A quokka (D:1)
  A bat (D:1)
2 creatures vanquished.

Notes
Turn   | Place    | Note
-------+----------+-------------------------------------------
     0 | D:1      | gimp the Armataur Monk began the quest for the Orb.
     0 | D:1      | Reached XP level 1. HP: 18/18 MP: 1/1
    56 | D:1      | Slain by a hobgoblin

Illustrated notes

Levels and vault maps discovered:
D:1:      dpeg_arrival_arbitrary_a, layout_basic

Action                     || total
---------------------------++-------
  Melee: Mace              ||     6
         Tailslap          ||     1
 Armour: Robe              ||     5
  Dodge: Dodged            ||     5

Table legend: (Time is in decaauts)
 A = Elapsed time spent in this place.
 B = Non-inter-level travel time spent in this place.
 C = Inter-level travel time spent in this place.
 D = Time resting spent in this place.
 E = Time spent auto-exploring this place.
 F = Levels seen in this place.
 G = Mean time per level.
                   A        B        C        D        E       F      G
               +--------+--------+--------+--------+--------+-----+--------+
         Total |     57 |     57 |      0 |      0 |     42 |   1 |   57.0 |
       Dungeon |     57 |     57 |      0 |      0 |     42 |   1 |   57.0 |
               +--------+--------+--------+--------+--------+-----+--------+

Top non-repeatable levels by time:
     D:1: 57 daAuts
